 Dungeon Crawl Stone Soup version 0.24.0-13-gcf9b3192b9 (webtiles) character file.

Game seed: 14751354633143761417, levelgen mode: deterministic

50 Monsterracer the Insei (level 3, 0/25 HPs)
             Began as an Octopode Warper on Nov 6, 2019.
             Succumbed to an adder's poison
             ... on level 2 of the Dungeon.
             The game lasted 00:01:13 (1847 turns).

Monsterracer the Insei (Octopode Warper)            Turns: 1847, Time: 00:01:14

Health: 0/25       AC:  1    Str: 10    XL:     3   Next: 79%
Magic:  6/6        EV: 13    Int: 15    God:
Gold:   71         SH:  0    Dex: 12    Spells: 6/6 levels left

rFire    + . .     SeeInvis .     - Unarmed
rCold    + . .     Gourm    .   (no shield)
rNeg     . . .     Faith    +   (helmet restricted)
rPois    +         Spirit   .   e - amulet of faith
rElec    +         Reflect  .   (no ring)
rCorr    +         Harm     .   (no ring)
MR       .....                  (no ring)
Stlth    ++........             (no ring)
HPRegen  0.08/turn              (no ring)
MPRegen  0.10/turn              (no ring)
                                (no ring)
                                (no ring)

@: lethally poisoned (0 -> -3), resistant, hasted, very quick
A: almost no armour, stealthy swim, amphibious, 8 rings, constrict 8, camouflage
1, gelatinous body 1
a: no special abilities


You were on level 2 of the Dungeon.
You were not hungry.

You visited 1 branch of the dungeon, and saw 2 of its levels.

You collected 71 gold pieces.

Inventory:

Jewellery
 e - an amulet of faith (around mantle)
   (You found it on level 1 of the Dungeon)
Scrolls
 a - 2 scrolls of identify {unknown}
 b - a scroll of teleportation {unknown}
 d - a scroll of remove curse {unknown}
 g - a scroll of magic mapping {unknown}
 X - a scroll of blinking
Potions
 h - a potion of haste
Comestibles
 c - 4 rations
 i - a chunk of flesh


   Skills:
 + Level 2.7 Fighting
 - Level 1.0 Throwing
 + Level 2.5 Dodging
 * Level 3.3 Unarmed Combat
 - Level 2.0 Spellcasting
   Level 3.0 Translocations


You had 6 spell levels left.
You didn't know any spells.
Your spell library contained the following spells:

 Spells                   Type           Power        Failure   Level  Hunger
 Blink                    Tloc           N/A          10%         2    ###....
 Shroud of Golubria       Chrm/Tloc      #.....       19%         2    ###....
 Gell's Gravitas          Tloc           ##........   19%         3    ###....
 Lesser Beckoning         Tloc           ##........   19%         3    ###....
 Teleport Other           Tloc           ##......     19%         3    ###....
 Passage of Golubria      Tloc           N/A          54%         4    #####..


Dungeon Overview and Level Annotations

Branches:
Dungeon (2/15)

Altars:


Innate Abilities, Weirdness & Mutations

You cannot wear most types of armour.
You are very stealthy in the water. (Stealth+)
You are amphibious.
You can wear up to eight rings at the same time.
You can use your tentacles to constrict eight enemies at once.
Your skin changes colour to match your surroundings (Stealth+).
Your rubbery body absorbs attacks. (AC +1, EV +1)


Message History

The adder bites you.
You barely miss the adder.
The adder hisses angrily.
Your grab misses the adder. The adder misses you.
You closely miss the adder. You grab the adder. You constrict the adder.
The adder closely misses you. The goblin barely misses you.
You barely miss the adder.
The adder is lightly wounded.
You constrict the adder. The adder barely misses you.
The goblin barely misses you. The adder barely misses you.
You release your grip on the adder.
The goblin hits you but does no damage.
There is a stone staircase leading up here.
The goblin misses you. The adder bites you.
You climb upwards.
There is a stone staircase leading down here.
You tentacle-slap the adder. Your grab misses the adder.
The adder is moderately wounded.
The goblin barely misses you. The adder closely misses you.
You tentacle-slap the adder. Your grab misses the adder.
Your squeeze misses the adder.
The adder is heavily wounded.
The adder bites you but does no damage. The goblin barely misses you.
You tentacle-slap the adder. Your grab misses the adder.
You tentacle-slap the adder.
You kill the adder!
The goblin misses you.
You tentacle-slap the goblin. Your grab misses the goblin.
You squeeze the goblin.
You kill the goblin!
You see here a goblin corpse.
You butcher the goblin corpse.
i - 3 chunks of flesh You see here a goblin skeleton.
There is a stone staircase leading down here.
You start resting.
Eating one of 3 chunks of flesh.
You eat one of the 3 chunks of flesh.
This raw flesh tastes terrible.
You are feeling hungry.
Eating one of 2 chunks of flesh.
You eat one of the 2 chunks of flesh.
This raw flesh tastes terrible.
HP restored.
You climb downwards.
The adder barely misses you. The goblin hits you. The adder misses you.
The goblin barely misses you.
There is a stone staircase leading up here.
You tentacle-slap the adder. Your grab misses the adder.
The adder is moderately wounded.
The adder bites you.
You are poisoned.
The adder poisons you!
You closely miss the adder. Your grab misses the adder.
The adder is moderately wounded.
You feel sick. The goblin closely misses you. The adder bites you.
You tentacle-slap the adder but do no damage.
Your grab misses the adder. Your squeeze misses the adder.
The adder is moderately wounded.
The adder barely misses you. The goblin hits you.
You are too injured to fight recklessly!
You miss the adder. Your grab misses the adder.
The adder is moderately wounded.
You feel sick. The adder barely misses you. The goblin hits you.
* * * LOW HITPOINT WARNING * * *
The adder barely misses you.
You tentacle-slap the adder. Your grab misses the adder.
Your tentacle-slap misses the adder.
The adder is heavily wounded.
The goblin hits you.
* * * LOW HITPOINT WARNING * * *
The adder completely misses you.
You barely miss the adder. Your grab misses the adder.
The adder is heavily wounded.
The goblin closely misses you. The adder bites you.
* * * LOW HITPOINT WARNING * * *
Unknown command.
You tentacle-slap the adder. Your grab misses the adder.
The adder is severely wounded.
The adder bites you.
* * * LOW HITPOINT WARNING * * *
The goblin hits you.
* * * LOW HITPOINT WARNING * * *
You miss the adder. You grab the adder. You tentacle-slap the adder.
You kill the adder!
You feel sick. The goblin hits you.
* * * LOW HITPOINT WARNING * * *
Unknown command.
It was a potion of haste.
You feel yourself speed up.
h - a potion of haste;
b - a scroll labeled XUL OSSISMIRCHI The goblin misses you.
It was a potion of resistance.
You feel protected. The goblin hits you.
* * * LOW HITPOINT WARNING * * *
You see here an adder corpse.
* * * LOW HITPOINT WARNING * * *
You feel sick.
Unknown command.
Unknown command.
Unknown command.
The goblin closely misses you.
Unknown command.
You die...

#...#...........
#...>......>....
#...#....#.####.
##...#....#......
#<...#...<.####
#†#.........##
#............#
#g.###......##..
#.@# #..........
#..###.#..####.#
#......#..... ..
#....#####..... .
##.....# .###.#
##.##.# .. . #.#
... ## #.# ###
#.########.#


You could see a goblin.

Vanquished Creatures
  2 adders (D:1 D:2)
  3 leopard geckos (D:1 D:2)
  5 bats (D:1)
  A giant cockroach (D:2)
  3 goblins (D:1)
  9 kobolds (D:1)
  2 frilled lizards (D:1)
  5 rats (D:1 D:2)
30 creatures vanquished.

Notes
Turn   | Place    | Note
-------+----------+-------------------------------------------
     0 | D:1      | Monsterracer the Octopode Warper began the quest for the
                  | Orb.
     0 | D:1      | Reached XP level 1. HP: 14/14 MP: 3/3
    63 | D:1      | HP: 7/14 [kobold (4)]
    74 | D:1      | HP: 3/14 [bat (1)]
    77 | D:1      | Reached XP level 2. HP: 5/19 MP: 5/5
  1551 | D:2      | Reached XP level 3. HP: 21/25 MP: 6/6
  1566 | D:2      | HP: 9/25 [leopard gecko (5)]
  1832 | D:2      | HP: 12/25 [goblin (4)]
  1836 | D:2      | HP: 5/25 [poisoned by an adder]
  1836 | D:2      | HP: 2/25 [goblin (3)]
  1841 | D:2      | HP: 1/25 [poisoned by an adder]
  1847 | D:2      | Succumbed to an adder's poison

Levels and vault maps discovered:
D:1:      lemuel_arrival_rhombus, layout_basic, hangedman_decor_slide_cut,
          hangedman_glass_teeth, minmay_hedge_maze, st_stairs_9,
          minmay_small_reverse_x
D:2:      layout_loops_ring, nicolae_overflow_crystal_walls,
          minmay_misc_feat_plants

Skill      XL: |  1  2 |
---------------+-------+-----
Unarmed Combat | 3 |  3.3
Fighting       | |  2.7
Throwing       | |  1.0
Dodging        | |  2.5
Spellcasting   | |  2.0
Translocations | |  3.0

Action                   || total
-------------------------++-------
Melee: Unarmed           ||    81
       Constrict         ||    21
       Tentacles         ||     4
       Punch             ||     3
  Use: Potion            ||     2
 Stab: Sleeping          ||     5
  Eat: Chunk             ||     3
Armor: Skin              ||    13
Dodge: Dodged            ||    70
